 Dungeon Crawl Stone Soup version 0.27.1-1-g398f81649c (webtiles) character file.

Game seed: 15507648304139752676

14 ZARRMARR the Conjurer (level 2, 0/17 HPs)
             Began as an Octopode Conjurer on Sept 13, 2021.
             Slain by a hobgoblin (4 damage)
             ... on level 1 of the Dungeon.
             The game lasted 00:01:20 (430 turns).

ZARRMARR the Conjurer (Octopode Conjurer)            Turns: 430, Time: 00:01:21

Health: 0/17       AC:  1    Str:  6    XL:     2   Next: 45%
Magic:  2/5        EV:  8    Int: 20    God:
Gold:   31         SH:  9    Dex: 10    Spells: 4/5 levels left

rFire    . . .     SeeInvis .   (no weapon)
rCold    . . .     Faith    .   d - +0 tower shield
rNeg     . . .     Spirit   .   (helmet restricted)
rPois    .         Reflect  .   (no amulet)
rElec    .         Harm     .   (no ring)
rCorr    .         Rampage  .   (no ring)
Will     .....                  (no ring)
Stlth    +++.......             (no ring)
HPRegen  0.05/turn              (no ring)
MPRegen  0.09/turn              (no ring)
                                (no ring)
                                (no ring)

@: no status effects
A: almost no armour, amphibious, 8 rings, camouflage 1, gelatinous body 1,
(nimble swimmer 1), tentacles
a: no special abilities


You were on level 1 of the Dungeon.
You visited 1 branch of the dungeon, and saw 1 of its levels.

You collected 31 gold pieces.

Inventory:

Armour
 d - a +0 tower shield (worn)
Scrolls
 a - a scroll of teleportation {unknown}
 b - a scroll of identify {unknown}
 c - a scroll of enchant weapon {unknown}


   Skills:
 - Level 0.1 Fighting
 - Level 2.0 Dodging
 - Level 2.8 Stealth
 + Level 1.3 Shields
 - Level 2.0 Spellcasting
 - Level 4.0 Conjurations
 - Level 0.4 Transmutations
 - Level 0.4 Earth Magic


You had 4 spell levels left.
You knew the following spells:

 Your Spells              Type           Power      Damage    Failure   Level
a - Magic Dart            Conj           72%        1d6       54%         1

Your spell library contained the following spells:

 Spells                   Type           Power      Damage    Failure   Level
 Searing Ray              Conj           36%        3d4       69%         2
 Dazzling Flash           Conj/Hex       20%        N/A       99%         3
 Fulminant Prism          Conj/Hex       5%         3d7       100%        4
 Iskenderun's Mystic Bla  Conj/Tloc      10%        2d4       100%        4


Dungeon Overview and Level Annotations

Branches:
Dungeon (1/15)

Altars:


Innate Abilities, Weirdness & Mutations

You cannot wear most types of armour.
You are amphibious.
You can wear up to eight rings at the same time.
Your skin changes colour to match your surroundings (Stealth+).
Your rubbery body absorbs attacks. (AC +1, EV +1)
((You are camouflaged near water. (Stealth+)))
You have tentacles for arms and can constrict up to eight enemies at once.


Message History

You are too injured to fight recklessly!
You are too injured to fight recklessly!
You are too injured to fight recklessly!
You are too injured to fight recklessly!
You are too injured to fight recklessly!
You are too injured to fight recklessly!
You are too injured to fight recklessly!
You are too injured to fight recklessly!
You are too injured to fight recklessly!
You are too injured to fight recklessly!
You are too injured to fight recklessly!
You closely miss the giant cockroach. You grab the giant cockroach.
You constrict the giant cockroach, but do no damage.
The giant cockroach bites you. x2
* * * LOW HITPOINT WARNING * * *
You barely miss the giant cockroach. You squeeze the giant cockroach.
The giant cockroach is almost dead.
You constrict the giant cockroach, but do no damage.
You block the giant cockroach's attack.
You tentacle-slap the giant cockroach but do no damage.
The giant cockroach is almost dead.
You constrict the giant cockroach, but do no damage.
You block the giant cockroach's attack. The giant cockroach bites you.
* * * LOW HITPOINT WARNING * * *
You tentacle-slap the giant cockroach but do no damage.
The giant cockroach is almost dead.
You constrict the giant cockroach, but do no damage.
The giant cockroach bites you.
* * * LOW HITPOINT WARNING * * *
The giant cockroach barely misses you.
You tentacle-slap the giant cockroach but do no damage.
The giant cockroach is almost dead.
You constrict the giant cockroach.
You kill the giant cockroach!
The hobgoblin barely misses you.
You tentacle-slap the hobgoblin but do no damage.
Your grab misses the hobgoblin. You block the hobgoblin's attack.
You closely miss the hobgoblin. Your grab misses the hobgoblin.
The hobgoblin hits you.
You die...

#### ...#
###...###
##.......## #
##...).)....
.###.##.........#
...(..g@......#
...#.##...#...#
##.###### #.# #.#
### ##'## ..#
##...## #.#
##.....## ### #.#
#.......##
##.###.#


You could see a hobgoblin.

Vanquished Creatures
  A dart slug (D:1)
  3 ball pythons (D:1)
  A bat (D:1)
  A giant cockroach (D:1)
  A kobold (D:1)
  A frilled lizard (D:1)
  3 goblins (D:1)
11 creatures vanquished.

Notes
Turn   | Place    | Note
-------+----------+-------------------------------------------
     0 | D:1      | ZARRMARR the Octopode Conjurer began the quest for the Orb.
     0 | D:1      | Reached XP level 1. HP: 11/11 MP: 3/3
   245 | D:1      | Reached XP level 2. HP: 17/17 MP: 0/5
   413 | D:1      | Reached skill level 1 in Shields
   430 | D:1      | Slain by a hobgoblin

Illustrated notes

Levels and vault maps discovered:
D:1:      mrwooster_arrival_statue, layout_loops_corners, minmay_misc_feat_roman

Skill      XL: |  1  2 |
---------------+-------+-----
Shields        | 1 |  1.3
Fighting       | |  0.1
Dodging        | |  2.0
Stealth        | |  2.8
Spellcasting   | |  2.0
Conjurations   | |  4.0
Transmutations | |  0.4
Earth Magic    | |  0.4

Action                   || total
-------------------------++-------
Melee: Unarmed           ||    20
       Constrict         ||     4
       Tentacles         ||     2
 Cast: Magic Dart        ||    12
Dodge: Dodged            ||     7
Block: Tower shield      ||     6
